 Dungeon Crawl Stone Soup version 0.31-a0-640-g39d97e502b (webtiles) character file.

Game seed: 16934583908407572667

3287 Sanktem7 the Cleaver (level 9, -6/81 HPs)
             Began as a Minotaur Fighter on Aug 29, 2023.
             Mangled by a hornet (7 damage)
             ... while paralysed by a hornet
             ... on level 7 of the Dungeon.
             The game lasted 00:14:24 (7355 turns).

Sanktem7 the Cleaver (Minotaur Fighter)             Turns: 7355, Time: 00:14:24

Health: -6/81      AC: 14    Str: 25    XL:     9   Next: 69%
Magic:  8/8        EV:  2    Int:  5    God:
Gold:   409        SH:  0    Dex: 10    Spells: 8/8 levels left

rFire   . . .        a - +0 war axe {axe}
rCold   . . .        c - +0 buckler
rNeg    . . .        m - +0 chain mail
rPois   .            t - +0 hat
rElec   .            (no cloak)
rCorr   .            (no gloves)
SInv    .            (no boots)
Will    .....        (no amulet) Stlth
                     F - +4 ring of slaying
HPRegen 0.33/turn    b - +4 ring of protection
MPRegen 0.11/turn

%: no passive effects
@: paralysed, lethally poisoned (-6 -> -7), slowed
A: horns 2, retaliatory headbutt
a: no special abilities


You were on level 7 of the Dungeon.
You visited 2 branches of the dungeon, and saw 9 of its levels.

You collected 409 gold pieces.


Innate Abilities, Weirdness & Mutations

You have a pair of horns on your head.
You reflexively headbutt those who attack you in melee.


   Skills:
 + Level 7.9 Fighting
 * Level 10.0 Axes
 + Level 5.0 Throwing
 + Level 7.6 Armour
 + Level 7.5 Shields


You had 8 spell levels left.
You didn't know any spells.
Your spell library contained the following spells:

 Spells                   Type           Power      Damage    Failure   Level
 Magic Dart               Conj           0%         1d3       95%         1
 Call Imp                 Summ           0%         N/A       99%         2
 Momentum Strike          Conj/Tloc      0%         3d8       99%         2
 Searing Ray              Conj           0%         2d4       99%         2
 Call Canine Familiar     Summ           0%         N/A       100%        3
 Mephitic Cloud           Conj/Pois/Air  0%         N/A       100%        3
 Portal Projectile        Hex/Tloc       0%         N/A       100%        3
 Leda's Liquefaction      Hex/Erth       0%         N/A       100%        4
 Passage of Golubria      Tloc           0%         N/A       100%        4
 Silence                  Hex/Air        0%         N/A       100%        5
 Lehudib's Crystal Spear  Conj/Erth      0%         10d2      100%        8

Inventory:

Hand Weapons
 a - a +0 war axe (weapon) {axe}
 G - the +1 mace of Valour {heavy, rElec rC+ rN+ Dex+5, mace}
   (You found it on level 6 of the Dungeon)

   Dex+5:     It affects your dexterity (+5).
   rC+:       It protects you from cold.
   rElec:     It insulates you from electricity.
   rN+:       It protects you from negative energy.
Missiles
 f - 7 poisoned darts {throwing}
 g - 90 stones {throwing}
 z - 2 javelins {throwing}
Armour
 c - a +0 buckler (worn)
 m - a +0 chain mail (worn)
   (You found it on level 3 of the Dungeon)
 t - a +0 hat (worn)
   (You found it on level 3 of the Dungeon)
Jewellery
 b - a +4 ring of protection (right hand)
   (You found it on level 3 of the Dungeon)
 F - a +4 ring of slaying (left hand)
   (You found it on level 6 of the Dungeon)
Wands
 s - a wand of mindburst (12)
   (You found it on level 2 of the Dungeon)
 y - a wand of polymorph (12)
   (You found it on level 4 of the Dungeon)
 E - a wand of iceblast (6)
   (You found it on level 6 of the Dungeon)
Scrolls
 e - 6 scrolls of teleportation {@r4}
 i - 2 scrolls of enchant weapon
 j - a scroll of brand weapon
 k - 2 scrolls of silence {!r}
 n - 2 scrolls of noise {!r}
 p - a scroll of vulnerability {!r!r}
 q - 3 scrolls of blinking {!r}
Potions
 d - 2 potions of might
 h - a potion of magic {unknown}
 l - 2 potions of cancellation
 o - 4 potions of attraction {!q}
 u - a potion of curing {@q1}
 v - a potion of resistance {unknown}
 x - 4 potions of berserk rage {!q}
 A - a potion of lignification {unknown}
 C - a potion of brilliance {unknown}

Dungeon Overview and Level Annotations

Branches:
Dungeon (8/15) Zot: 26924  Temple (1/1) D:6 Zot: 5998
   Lair: D:8-11

Altars:
Ashenzari
Cheibriados
Dithmenos
Elyvilon
Fedhas
Gozag
Hepliaklqana
Kikubaaqudgha
Makhleb
Nemelex Xobeh
Qazlal
Ru
Sif Muna
Trog
Vehumet
Wu Jian
Xom
Yredelemnul
Zin
The Shining One

Shops:
D:5 [

Annotations:
D:6 exclusion: statue

.#.##.## #.#.##.#.#
###....## #.#.##...#
.#..###.#####.......##
#.#.# #.........###.#
#.#.###.###########.####
#.##..........##.......#
#.#####.......##.##.##.#
#.## #.......##†##.##.#
#..# #.......##@##..#.#
##.# #.......##y###.#.#
#.# #.......##F###.#.#
#.# #..)))..##.......#
#.#######.#########.###
#.#.......# #.#
#......#### #.#
####.##.### ######.#
...#..>...# #.."...#


You could see a hornet and a bullfrog.


Message History

You feel yourself speed up. The bullfrog attacks as it pursues you!
You block the bullfrog's attack.
The hornet stings you but does no damage.
The howler monkey hoots and howls with incredible vigour!
You block the bullfrog's attack.
You hear a shout! x2
Something shouts, "Crawl home, thou warped toot-wallowing yak-dropping!"
You hear a shout! x2 😨 HP[+1]
The howler monkey hoots and howls with incredible vigour!
You block the hornet's attack.
The centaur shoots an arrow.
The arrow hits you.
* * * LOW HITPOINT WARNING * * *
The hornet attacks as it pursues you! The hornet stings you.
* * * LOW HITPOINT WARNING * * *
You suddenly lose the ability to move!
The centaur shoots an arrow.
The arrow hits you.
* * * LOW HITPOINT WARNING * * *
The hornet stings you!
* * * LOW HITPOINT WARNING * * *
You shrug off the repeated paralysis!
The hornet stings you but does no damage.
The bullfrog hits you but does no damage.
The centaur shoots an arrow.
The arrow hits you.
* * * LOW HITPOINT WARNING * * *
The hornet stings you.
* * * LOW HITPOINT WARNING * * *
You shrug off the repeated paralysis!
You can move again.
There is a stone staircase leading up here. 😱 HP[-23]
You take 23 damage, and now have 13/81 hp.
MASSIVE DAMAGE!! (PAUSE)
The hornet barely misses you. You block the bullfrog's attack.
The bullfrog hits you but does no damage.
The hornet stings you but does no damage.
The bullfrog hits you but does no damage.
You climb upwards.
There is a stone staircase leading down here. 😱 HP[+1]
You miss the hornet. You headbutt the hornet. You slash the bullfrog!
The bullfrog closely misses you. The hornet stings you!
* * * LOW HITPOINT WARNING * * *
You feel yourself slow down. The bullfrog closely misses you.
You furiously retaliate!
You headbutt the bullfrog. 😱 HP[-13]
You take 13 damage, and now have 1/81 hp.
You feel much better. The hornet stings you!
* * * LOW HITPOINT WARNING * * *
You are poisoned.
You feel as though you will be slow longer.
The bullfrog hits you but does no damage.
The hornet stings you!
* * * LOW HITPOINT WARNING * * *
You suddenly lose the ability to move!
The bullfrog hits you but does no damage.
* * * LOW HITPOINT WARNING * * *
You feel very sick.
The hornet stings you but does no damage.
The bullfrog hits you but does no damage.
The hornet stings you but does no damage.
The bullfrog hits you but does no damage.
You can move again. 😱 HP[+4]
You regained 4 hp, and now have 5/81 hp.
You feel much better.
You feel yourself speed up.
You feel very sick. The hornet stings you.
* * * LOW HITPOINT WARNING * * *
You shrug off the repeated paralysis!
The bullfrog barely misses you.
The hornet stings you but does no damage.
You block the bullfrog's attack. 😨 HP[+16]
You regained 16 hp, and now have 21/81 hp.
You feel much better.
You feel sick. You block the hornet's attack. The bullfrog hits you.
* * * LOW HITPOINT WARNING * * *
The hornet stings you.
* * * LOW HITPOINT WARNING * * *
You feel yourself slow down. 😨 HP[+2]
You regained 2 hp, and now have 23/81 hp.
You miss the hornet.
You headbutt the hornet, but do no damage.
You slash the bullfrog!
You kill the bullfrog!
You feel yourself speed up.
You feel sick. The hornet barely misses you. You furiously retaliate!
You headbutt the hornet! The hornet stings you!
* * * LOW HITPOINT WARNING * * *
You feel yourself slow down.
Your Throwing skill increases to level 5! 😱 HP[-10]
You take 10 damage, and now have 13/81 hp.
You closely miss the hornet.
You feel sick. The hornet stings you!
* * * LOW HITPOINT WARNING * * *
You suddenly lose the ability to move!
The hornet stings you!
You die...

Skill      XL: |  1  2  3  4  5  6  7  8  9 |
---------------+----------------------------+-----
Axes           | 3 4 5 7 8 10 | 10.0
Shields        | 4 5 6 7 |  7.5
Armour         | 4 5 6 7 |  7.6
Fighting       | 4 5 6 7 |  7.9
Throwing       | 1 2 4 5 |  5.0

Action                     |  1- 3 |  4- 6 |  7- 9 || total
---------------------------+-------+-------+-------++-------
  Melee: War axe           |    78 |   139 |   140 ||   357
         Headbutt          |    12 |    21 |    37 ||    70
    Use: Scroll            |       |       |    14 ||    14
         Potion            |       |       |     3 ||     3
 Armour: Scale mail        |    35 |    14 |       ||    49
         Chain mail        |       |    66 |   106 ||   172
  Dodge: Dodged            |    42 |    61 |    75 ||   178
  Block: Buckler           |    18 |    39 |    50 ||   107

Levels and vault maps discovered:
D:1:      dpeg_arrival_renting, layout_loops_ring,
          hellmonk_ecumenical_altar_dog_temple
D:2:      layout_loops_corners, minmay_misc_feat_rows, minmay_misc_feat_square,
          minmay_strange_pillars
D:3:      layout_loops_corners, mainiacjoe_overflow_chevrons,
          lemuel_zombie_altar_kikubaaqudgha,
          nicolae_dithmenos_through_a_glass_darkly, hangedman_decor_riveting,
          hellmonk_no_cap
D:4:      layout_cave_pools, good_gods_temple_1, nemelex_spade_bored_becter,
          kennysheep_mini_moat
D:5:      layout_gridville, serial_shops, shop, st_stairs_9,
          nrook_loot_triangle, kennysheep_opposing_triangles, uniq_eustachio
D:6:      layout_basic, nicolae_overflow_crystal_walls, vehumet_statue,
          nicolae_wu_jian_immortal_techniques, minmay_temple_entry_wispy,
          minivault_27
D:7:      layout_loops_cross, nicolae_hepliaklqana_hippocampus, uniq_menkaure
D:8:      layout_cave_pools, nicolae_uskayaw_en_pointe,
          ebering_ghost_rock_garden, serial_park, serial_park_tiny_2,
          serial_park_square3 [serial_park_minivault_5x5_3]
Temple:   hellmonk_temple_two_chambers

Notes
Turn   | Place    | Note
-------+----------+-------------------------------------------
     0 | D:1      | Sanktem7 the Minotaur Fighter began the quest for the Orb.
     0 | D:1      | Reached XP level 1. HP: 19/19 MP: 0/0
     0 | D:1      | magus.rc [v1.9.6]
   111 | D:1      | You pick up a book of Minor Magic and begin reading...
   111 | D:1      | You add the spells Magic Dart, Call Imp and Mephitic Cloud
                  | to your library.
   131 | D:1      | Reached XP level 2. HP: 27/27 MP: 1/1
   274 | D:1      | Reached skill level 3 in Axes
   337 | D:1      | Found a faded altar of an unknown god.
   454 | D:1      | Reached XP level 3. HP: 33/33 MP: 2/2
   456 | D:1      | Reached skill level 4 in Shields
   616 | D:1      | Reached skill level 4 in Armour
   626 | D:1      | Reached skill level 4 in Fighting
   989 | D:2      | You pick up a book of the Hunter and begin reading...
   989 | D:2      | You add the spells Call Canine Familiar, Portal Projectile
                  | and Leda's Liquefaction to your library.
  1302 | D:2      | Reached XP level 4. HP: 38/40 MP: 3/3
  1311 | D:2      | HP: 8/40 [gnoll/+0 flail (8)]
  1313 | D:2      | Reached skill level 4 in Axes
  1909 | D:3      | Found a shadowy altar of Dithmenos.
  2148 | D:3      | HP: 3/41 [adder (9)]
  2164 | D:3      | Reached XP level 5. HP: 8/47 MP: 4/4
  2615 | D:3      | Found a burning altar of Makhleb.
  2701 | D:3      | Found an ancient bone altar of Kikubaaqudgha.
  3034 | D:4      | Reached skill level 5 in Axes
  3055 | D:4      | Reached XP level 6. HP: 48/55 MP: 5/5
  3189 | D:4      | Found a white marble altar of Elyvilon.
  3189 | D:4      | Found a glowing silver altar of Zin.
  3222 | D:4      | Reached skill level 1 in Throwing
  3238 | D:4      | Reached skill level 5 in Fighting
  3250 | D:4      | Reached skill level 5 in Armour
  3298 | D:4      | Found a sparkling altar of Nemelex Xobeh.
  3363 | D:4      | Found a basalt altar of Yredelemnul.
  3427 | D:4      | Reached skill level 5 in Shields
  3491 | D:4      | Found a glowing golden altar of the Shining One.
  3519 | D:5      | Entered Level 5 of the Dungeon
  3556 | D:5      | Noticed Eustachio
  3640 | D:5      | Found Vavery's Armour Shop.
  3644 | D:5      | Reached XP level 7. HP: 61/61 MP: 6/6
  3685 | D:5      | Reached skill level 6 in Axes
  3695 | D:5      | Killed Eustachio
  3696 | D:5      | Reached skill level 2 in Throwing
  3776 | D:5      | HP: 15/61 [gnoll bouda/+0 whip (3)]
  3787 | D:5      | HP: 14/61 [gnoll/+0 flail[a gnoll bouda] (1)]
  4494 | D:5      | Reached skill level 7 in Axes
  4516 | D:5      | You add the spells Searing Ray, Momentum Strike and Silence
                  | to your library.
  4516 | D:5      | Got the Incunabulum of the Blasted Atmosphere
  4527 | D:5      | Reached skill level 6 in Fighting
  4527 | D:5      | Reached XP level 8. HP: 70/70 MP: 7/7
  4638 | D:5      | Reached skill level 6 in Armour
  4884 | D:6      | Noticed a two-headed ogre
  4889 | D:6      | Reached skill level 3 in Throwing
  4889 | D:6      | Reached skill level 6 in Shields
  4890 | D:6      | Killed a two-headed ogre
  4891 | D:6      | Reached skill level 8 in Axes
  4915 | D:6      | Found a staircase to the Ecumenical Temple.
  4922 | Temple   | Entered the Ecumenical Temple
  4942 | D:6      | Reached skill level 4 in Throwing
  5080 | D:6      | Reached skill level 7 in Fighting
  5080 | D:6      | Reached XP level 9. HP: 76/79 MP: 8/8
  5159 | D:6      | Found a radiant altar of Vehumet.
  5584 | D:6      | Found a shimmering altar of Xom.
  5600 | D:6      | Identified the +1 mace of Valour {heavy, rElec rC+ rN+
                  | Dex+5}
  5923 | D:6      | Found an ornate altar of the Wu Jian Council.
  6270 | D:7      | Noticed a cyclops
  6282 | D:7      | Killed a cyclops
  6283 | D:7      | Reached skill level 9 in Axes
  6283 | D:7      | Reached skill level 7 in Armour
  6283 | D:7      | Reached skill level 7 in Shields
  6521 | D:7      | Found a hazy altar of Hepliaklqana.
  6590 | D:7      | Noticed Menkaure
  6593 | D:7      | Killed Menkaure
  7060 | D:7      | Reached skill level 10 in Axes
  7306 | D:8      | You pick up a book of the Moon and begin reading...
  7306 | D:8      | You add the spells Passage of Golubria and Lehudib's
                  | Crystal Spear to your library.
  7344 | D:8      | Paralysed by a hornet for 3 turns
  7345 | D:8      | HP: 16/81 [hornet (13)]
  7349 | D:7      | HP: 1/81 [hornet (13)]
  7350 | D:7      | Paralysed by a hornet for 2 turns
  7354 | D:7      | HP: 13/81 [hornet (9)]
  7355 | D:7      | Reached skill level 5 in Throwing
  7355 | D:7      | HP: 1/81 [hornet (11)]
  7355 | D:7      | Paralysed by a hornet for 2 turns
  7355 | D:7      | Mangled by a hornet

Vanquished Creatures
  A two-headed ogre (D:6)
  A cyclops (D:7)
  Eustachio (D:5)
  A steam dragon (D:7)
  Menkaure (D:7)
  An ice beast (D:7)
  An orc warrior (D:7)
  2 black bears
  An ogre (D:5)
  A kobold brigand (D:6)
  2 bullfrogs
  2 scorpions
  3 wights (D:7)
  A howler monkey (D:6)
  3 jellies
  A hound (D:5)
  2 orc priests
  4 iguanas
  A gnoll bouda (D:5)
  6 orc wizards
  3 sleepcaps
  18 gnolls
  8 adders
  A shadow imp (D:7)
  2 white imps (D:5)
  An ufetubus (D:7)
  A worm (D:3)
  3 dart slugs
  17 orcs
  12 ball pythons
  A bat zombie (D:3)
  10 endoplasms
  3 giant cockroaches
  6 goblins
  9 hobgoblins
  8 jackals
  4 quokkas
  2 frilled lizards
  11 kobolds
  4 rats
  3 rat zombies (D:3)
163 creatures vanquished.

Table legend:
 A = Non-vault XP
 B = Vault XP
 C = Vault XP percentage of total XP
 D = Non-vault monster count
 E = Vault monster count
 F = Vault count percentage of total count
                 A         B        C        D         E       F
            +---------+---------+-------+---------+---------+-------
      Total |    3802 |     894 |  19.0 |     143 |      20 |  12.3
            +---------+---------+-------+---------+---------+-------
        D:1 |      39 |       8 |  17.0 |      21 |       4 |  16.0
        D:2 |     118 |       0 |   0.0 |      26 |       0 |   0.0
        D:3 |      69 |      54 |  43.9 |      16 |       6 |  27.3
        D:4 |     300 |       0 |   0.0 |      22 |       0 |   0.0
        D:5 |     447 |     564 |  55.8 |      21 |       8 |  27.6
        D:6 |    1223 |       0 |   0.0 |      14 |       0 |   0.0
        D:7 |    1606 |     268 |  14.3 |      23 |       2 |   8.0
            +---------+---------+-------+---------+---------+-------

Skill      XL: |  1  2  3  4  5  6  7  8  9 |
---------------+----------------------------+-----
Axes           | 3 4 5 7 8 10 | 10.0
Shields        | 4 5 6 7 |  7.5
Armour         | 4 5 6 7 |  7.6
Fighting       | 4 5 6 7 |  7.9
Throwing       | 1 2 4 5 |  5.0

Action                     |  1- 3 |  4- 6 |  7- 9 || total
---------------------------+-------+-------+-------++-------
  Melee: War axe           |    78 |   139 |   140 ||   357
         Headbutt          |    12 |    21 |    37 ||    70
    Use: Scroll            |       |       |    14 ||    14
         Potion            |       |       |     3 ||     3
 Armour: Scale mail        |    35 |    14 |       ||    49
         Chain mail        |       |    66 |   106 ||   172
  Dodge: Dodged            |    42 |    61 |    75 ||   178
  Block: Buckler           |    18 |    39 |    50 ||   107

Illustrated notes

Table legend:
 A = Kills in this place as a percentage of kills in the entire game.
 B = Kills by you in this place as a percentage of kills by you in the entire game.
 C = Kills by friends in this place as a percentage of kills by friends in the entire game.
 D = Other kills in this place as a percentage of other kills in the entire game.
 E = Experience gained in this place as a percentage of experience gained in the entire game.
 F = Experience gained in this place divided by the number of levels of this place that you have seen.
                   A       B       C       D       E      F
               +-------+-------+-------+-------+-------+----------------------
         Total | 100.0 | 100.0 |   N/A |   N/A | 100.0 | 521.8
       Dungeon | 100.0 | 100.0 |   N/A |   N/A | 100.0 | 587.0
               +-------+-------+-------+-------+-------+----------------------

Table legend: (Time is in decaauts)
 A = Elapsed time spent in this place.
 B = Non-inter-level travel time spent in this place.
 C = Inter-level travel time spent in this place.
 D = Time resting spent in this place.
 E = Time spent auto-exploring this place.
 F = Levels seen in this place.
 G = Mean time per level.
                   A        B        C        D        E       F      G
               +--------+--------+--------+--------+--------+-----+--------+
         Total |   7445 |   7243 |    202 |    221 |   5823 |   9 |  827.2 |
       Dungeon |   7443 |   7241 |    202 |    221 |   5823 |   8 |  930.4 |
        Temple |      1 |      1 |      0 |      0 |      0 |   1 |    1.0 |
               +--------+--------+--------+--------+--------+-----+--------+

Top non-repeatable levels by time:
     D:6: 1332 daAuts
     D:5: 1227 daAuts
     D:2: 1112 daAuts
     D:7: 1092 daAuts
     D:3: 1081 daAuts
     D:1: 810 daAuts
     D:4: 721 daAuts
     D:8: 65 daAuts
  Temple: 1 daAuts
